 Dungeon Crawl Stone Soup version 0.26-a0-1184-g95e395e029 (webtiles) character file.

Game seed: 18016810570339665892

13551 runemasterragnar the Covert (level 12, -2/96 HPs)
             Began as a Gnoll Delver on Dec 27, 2020.
             Was a High Priest of Cheibriados.
             Slain by a seven-headed hydra (8 damage)
             ... on level 2 of the Lair of Beasts.
             The game lasted 00:17:55 (12398 turns).

runemasterragnar the Covert (Gnoll Delver)         Turns: 12398, Time: 00:17:56

Health: -2/96      AC: 10    Str: 30    XL:     12   Next: 7%
Magic:  22/22      EV: 21    Int: 30    God:    Cheibriados [*****.]
Gold:   1119       SH:  0    Dex: 31    Spells: 19/24 levels left

rFire    . . .     SeeInvis .   G - +4 halberd (freeze)
rCold    . . .     Faith    .   (shield currently unavailable)
rNeg     . . .     Spirit   .   l - +0 ring mail
rPois    .         Reflect  .   q - +1 helmet
rElec    .         Harm     .   (no cloak)
rCorr    .         Rampage  .   z - +0 pair of gloves
Will     .....                  (no boots)
Stlth    +++++.....             (no amulet)
HPRegen  0.26/turn              (no ring)
MPRegen  0.18/turn              (no ring)

@: very slow
A: distributed training, fangs 1, strong nose
a: Renounce Religion, Bend Time, Temporal Distortion, Slouch, Step From Time


You were on level 2 of the Lair of Beasts.
You worshipped Cheibriados.
Cheibriados was extremely pleased with you.
You visited 4 branches of the dungeon, and saw 14 of its levels.
You also visited: Sewer and Bailey.

You collected 1119 gold pieces.

Inventory:

Hand Weapons
 a - a +0 spear
 k - a +1 hand crossbow of freezing
 r - a +0 long sword
 s - a +0 glaive
 G - a +4 halberd of freezing (weapon)
 R - a cursed +5 great sword of freezing
Missiles
 y - 5 throwing nets
 C - 3 javelins (quivered)
 E - 29 bolts
Armour
 b - a +0 leather armour
 l - a +0 ring mail (worn)
 q - a +1 helmet (worn)
 z - a +0 pair of gloves (worn)
 D - a +4 chain mail
 I - a +0 crystal plate armour
Magical Staves
 B - an uncursed staff of air {unknown}
 T - an uncursed staff of air {unknown}
 U - a cursed staff of air {unknown}
 W - an uncursed staff of cold {unknown}
Wands
 e - a wand of paralysis (9)
 g - a wand of digging (3)
 M - a wand of acid (1)
 N - a wand of iceblast (9)
 P - a wand of flame (22)
Scrolls
 c - 4 scrolls of fog
 o - 4 scrolls of teleportation
 p - 2 scrolls of immolation {unknown}
 t - 3 scrolls of amnesia
 u - 2 scrolls of identify
 v - 2 scrolls of blinking {unknown}
 w - 2 scrolls of magic mapping
 x - a scroll of noise {unknown}
 A - 5 scrolls of remove curse {unknown}
 F - a scroll of acquirement {unknown}
 K - a scroll of summoning {unknown}
 O - a scroll of brand weapon {unknown}
Potions
 d - a potion of resistance
 f - 5 potions of haste
 h - 5 potions of degeneration
 i - 4 potions of curing
 j - a potion of invisibility
 m - 2 potions of heal wounds
 n - 2 potions of flight
 J - 3 potions of lignification
 L - a potion of mutation
 Q - a potion of cancellation
 V - a potion of ambrosia {unknown}
Miscellaneous
 H - a tin of tremorstones (1/2)
 S - a box of beasts (inert)


   Skills:
 + Level 9.6 Fighting
 + Level 6.9 Short Blades
 + Level 6.9 Long Blades
 + Level 6.9 Axes
 + Level 6.9 Maces & Flails
 + Level 8.4 Polearms
 + Level 6.9 Staves
 + Level 6.9 Slings
 + Level 6.9 Bows
 + Level 6.9 Crossbows
 + Level 6.9 Throwing
 + Level 6.9 Armour
 + Level 8.4 Dodging
 + Level 11.6 Stealth
 + Level 6.9 Shields
 + Level 6.9 Unarmed Combat
 + Level 6.9 Spellcasting
 + Level 5.7 Conjurations
 + Level 5.7 Hexes
 + Level 5.7 Summonings
 + Level 5.7 Necromancy
 + Level 5.7 Translocations
 + Level 5.7 Transmutations
 + Level 5.7 Fire Magic
 + Level 5.7 Ice Magic
 + Level 5.7 Air Magic
 + Level 5.7 Earth Magic
 + Level 5.7 Poison Magic
 + Level 7.6 Invocations
 + Level 6.9 Evocations


You had 19 spell levels left.
You knew the following spells:

 Your Spells              Type           Power        Failure   Level
a - Wereblood             Tmut           44%          1%          2
b - Spider Form           Tmut/Pois      22%          1%          3

Your spell library contained the following spells:

 Spells                   Type           Power        Failure   Level
 Beastly Appendage        Tmut           88%          1%          1
 Shock                    Conj/Air       100%         1%          1
 Swiftness                Air            44%          1%          2
 Static Discharge         Conj/Air       44%          1%          3
 Airstrike                Air            22%          6%          4
 Ice Form                 Ice/Tmut       44%          6%          4
 Blade Hands              Tmut           22%          17%         5
 Lightning Bolt           Conj/Air       22%          17%         5


Dungeon Overview and Level Annotations

Branches:
Dungeon (9/15)             Temple (1/1) D:5            Lair (2/6) D:8
    Orc (2/2) D:9             Elf (0/3) Orc:2         Sewer (visited)
 Bailey (visited)
  Swamp: Lair:2-4    Shoals: Lair:2-4     Snake: Lair:2-4    Spider: Lair:2-4

Altars:
Ashenzari
Cheibriados
Dithmenos
Elyvilon
Fedhas
Gozag
Kikubaaqudgha
Makhleb
Nemelex Xobeh
Okawaru
Qazlal
Ru
Sif Muna
Trog
Uskayaw
Vehumet
Wu Jian
Yredelemnul
The Shining One
Beogh

Shops:
D:7 *   Orc:1 *   Orc:2 ?

Annotations:
D:5 Grinder
Lair:1 3 runed translucent doors, gaul's ghost, journeyman DrIE
Orc:2 1 runed translucent door, bronco's ghost, journeyman TrBe


Innate Abilities, Weirdness & Mutations

Your experience applies equally to all skills.
You have very sharp teeth.
Your uncanny sense of smell can sniff out nearby items.


Message History

* * * LOW HITPOINT WARNING * * *
The seven-headed hydra bites you but does no damage.
Unknown command.
Okay, then.
Okay, then.
Evoke which item? (* to show all) (? for menu, Esc to quit)
Aiming: Paralyse
Press: ? - help, Shift-Dir - straight line, f - seven-headed hydra
Aim: a seven-headed hydra (heavily wounded, chance to affect: 32%)
Okay, then.
Evoke which item? (* to show all) (? for menu, Esc to quit)
Aiming: Corrosive Bolt
Press: ? - help, Shift-Dir - straight line, f - seven-headed hydra
Aim: a seven-headed hydra (heavily wounded, 9% to evade)
The bolt of acid hits the seven-headed hydra!
The seven-headed hydra is splashed with acid.
The acid corrodes the seven-headed hydra!
The seven-headed hydra is almost dead.
The blink frog blinks!
The seven-headed hydra bites you!
You die...

##....# ## ####.[...#
Y.# #.#..<.# ##..#
##....## ##....P
##....####.......
##....###.#.......
##...####.#....P#
###....# ##.....#
##PP..@####..†...##
#P....#D#......P..#
#....(..§......####...
#....#...#.......##...#
......##....#.#...P....#
#.....#.P....†........ #
##...P#......####....P
#.. ##..F### ....#
#....# ..###


You could see a seven-headed hydra (corroded) and a blink frog.

Vanquished Creatures
  Harold (D:7)
  2 hydras
  A two-headed ogre (D:8)
  An orc high priest (Orc:2)
  2 orc knights (Orc:2)
  2 cane toads
  3 komodo dragons (Lair:1)
  3 trolls
  2 blink frogs (Lair:2)
  3 yaks (Lair:1)
  A water moccasin (Lair:1)
  A warg (Orc:2)
  2 swamp worms (Lair:1)
  An ice beast (D:6)
  19 orc warriors
  5 ogres
  7 wolves
  14 centaurs
  A big kobold (Sewer)
  3 bullfrogs
  A water moccasin skeleton (D:8)
  3 scorpions
  5 wights (D:9)
  An electric eel (D:7)
  2 lava snakes (D:7)
  A quasit (D:6)
  2 bullfrog zombies
  18 orc priests
  A bullfrog skeleton (D:7)
  3 hounds
  Terence (D:2)
  10 orc wizards
  4 worker ants
  3 hound skeletons (D:4)
  A hound zombie (D:6)
  6 adders
  A river rat (Sewer)
  A white imp (D:6)
  3 ufetubi
  An ooze (D:1)
  2 adder skeletons
  2 adder zombies (D:4)
  A worm (D:2)
  4 dart slugs
  8 leopard geckos
  68 orcs
  11 giant cockroaches
  5 goblins
  6 hobgoblins
  9 jackals
  11 kobolds
  2 ball pythons (D:3)
  7 bats
  3 frilled lizards
  A giant cockroach zombie (D:4)
  7 rats
289 creatures vanquished.

Vanquished Creatures (collateral kills)
  2 orc priests (Orc:2)
  4 orcs (Orc:2)
6 creatures vanquished.

Vanquished Creatures (others)
  5 fungi (Lair:2)
  37 plants
  4 withered plants
46 creatures vanquished.

Grand Total: 341 creatures vanquished

Notes
Turn   | Place    | Note
-------+----------+-------------------------------------------
     0 | D:5      | Reached skill level 9 in Stealth
     0 | D:5      | runemasterragnar the Gnoll Delver began the quest for the
                  | Orb.
     0 | D:5      | Reached XP level 1. HP: 23/23 MP: 1/1
    31 | D:5      | Noticed Grinder
    31 | D:5      | Paralysed by Grinder for 7 turns
    34 | D:5      | Noticed a sky beast
    78 | D:4      | Reached XP level 2. HP: 23/29 MP: 2/2
   181 | D:4      | Reached skill level 1 in Invocations
   181 | D:4      | Reached XP level 3. HP: 11/35 MP: 2/4
   441 | D:4      | Noticed a centaur
   476 | D:5      | Found a staircase to the Ecumenical Temple.
   487 | Temple   | Entered the Ecumenical Temple
   504 | Temple   | Became a worshipper of Cheibriados the Contemplative
   526 | D:5      | Noticed a sky beast
   579 | D:5      | Found a glowing drain.
   592 | D:5      | Reached skill level 1 in Short Blades
   592 | D:5      | Reached skill level 1 in Long Blades
   592 | D:5      | Reached skill level 1 in Axes
   592 | D:5      | Reached skill level 1 in Maces & Flails
   592 | D:5      | Reached skill level 1 in Staves
   592 | D:5      | Reached skill level 1 in Slings
   592 | D:5      | Reached skill level 1 in Bows
   592 | D:5      | Reached skill level 1 in Crossbows
   592 | D:5      | Reached skill level 1 in Throwing
   592 | D:5      | Reached skill level 1 in Armour
   592 | D:5      | Reached skill level 1 in Shields
   592 | D:5      | Reached skill level 1 in Unarmed Combat
   592 | D:5      | Reached skill level 1 in Spellcasting
   592 | D:5      | Reached skill level 1 in Evocations
   605 | Sewer    | Entered a sewer
   609 | Sewer    | Reached XP level 4. HP: 34/41 MP: 5/5
   732 | Sewer    | Noticed a big kobold
   771 | Sewer    | Killed a big kobold
   772 | Sewer    | Reached skill level 1 in Conjurations
   772 | Sewer    | Reached skill level 1 in Hexes
   772 | Sewer    | Reached skill level 1 in Summonings
   772 | Sewer    | Reached skill level 1 in Necromancy
   772 | Sewer    | Reached skill level 1 in Translocations
   772 | Sewer    | Reached skill level 1 in Transmutations
   772 | Sewer    | Reached skill level 1 in Fire Magic
   772 | Sewer    | Reached skill level 1 in Ice Magic
   772 | Sewer    | Reached skill level 1 in Air Magic
   772 | Sewer    | Reached skill level 1 in Earth Magic
   772 | Sewer    | Reached skill level 1 in Poison Magic
   772 | Sewer    | Reached XP level 5. HP: 33/47 MP: 5/7
   917 | Sewer    | Found a white marble altar of Elyvilon.
  1091 | D:2      | Found an ancient bone altar of Kikubaaqudgha.
  1092 | D:2      | Found a blossoming altar of Fedhas.
  1265 | D:2      | Found a shimmering blue altar of Sif Muna.
  1547 | D:2      | Noticed Terence
  1548 | D:2      | Killed Terence
  1674 | D:1      | Reached * piety under Cheibriados
  1995 | D:1      | Noticed a troll
  1997 | D:1      | Noticed a troll
  1999 | D:1      | Noticed an elf
  2003 | D:1      | Noticed a human
  2005 | D:1      | Noticed a gargoyle
  2005 | D:1      | Noticed a troll
  2014 | D:1      | Noticed a dwarf
  2348 | D:2      | Found a radiant altar of Vehumet.
  2365 | D:2      | Reached XP level 6. HP: 53/53 MP: 8/8
  2569 | D:3      | Reached ** piety under Cheibriados
  2573 | D:3      | Found a sacrificial altar of Ru.
  2852 | D:3      | Reached skill level 5 in Polearms
  2852 | D:3      | Reached skill level 5 in Dodging
  3096 | D:3      | Found a faded altar of an unknown god.
  3684 | D:4      | Reached *** piety under Cheibriados
  3688 | D:4      | Reached XP level 7. HP: 47/59 MP: 10/10
  3942 | D:4      | You fall into a shaft and drop 2 floors!
  4418 | D:6      | Reached **** piety under Cheibriados
  4479 | D:6      | Reached skill level 10 in Stealth
  4479 | D:6      | Reached XP level 8. HP: 67/67 MP: 12/12
  4825 | D:7      | Noticed Harold
  4826 | D:7      | Found a flagged portal.
  4834 | Bailey   | Entered a bailey
  5159 | Bailey   | Reached XP level 9. HP: 42/73 MP: 14/14
  5385 | Bailey   | Reached ***** piety under Cheibriados
  6029 | Bailey   | Reached skill level 5 in Invocations
  6641 | D:7      | Killed Harold
  6642 | D:7      | Reached skill level 5 in Short Blades
  6642 | D:7      | Reached skill level 5 in Long Blades
  6642 | D:7      | Reached skill level 5 in Axes
  6642 | D:7      | Reached skill level 5 in Maces & Flails
  6642 | D:7      | Reached skill level 5 in Staves
  6642 | D:7      | Reached skill level 5 in Slings
  6642 | D:7      | Reached skill level 5 in Bows
  6642 | D:7      | Reached skill level 5 in Crossbows
  6642 | D:7      | Reached skill level 5 in Throwing
  6642 | D:7      | Reached skill level 5 in Armour
  6642 | D:7      | Reached skill level 5 in Shields
  6642 | D:7      | Reached skill level 5 in Unarmed Combat
  6642 | D:7      | Reached skill level 5 in Spellcasting
  6642 | D:7      | Reached skill level 5 in Evocations
  6642 | D:7      | Reached XP level 10. HP: 41/81 MP: 11/17
  6979 | D:7      | Found Cecza's General Store.
  7340 | D:8      | Learned a level 2 spell: Wereblood
  7519 | D:8      | Found a staircase to the Lair.
  7612 | D:8      | Noticed a two-headed ogre
  7619 | D:8      | Killed a two-headed ogre
  7791 | D:8      | Found a hide-covered altar of Uskayaw.
  7792 | D:8      | Found a basalt altar of Yredelemnul.
  7890 | D:9      | Found a radiant altar of Vehumet.
  7925 | D:9      | HP: 3/82 [orc warrior/+0 halberd (18)]
  8486 | D:9      | Reached skill level 11 in Stealth
  8702 | D:9      | Found a staircase to the Orcish Mines.
  8811 | Orc:1    | Entered Level 1 of the Orcish Mines
  9126 | Orc:1    | Found Jiqoecey's General Store.
  9171 | Orc:1    | Reached XP level 11. HP: 45/87 MP: 19/19
  9620 | Orc:2    | Entered Level 2 of the Orcish Mines
  9668 | Orc:2    | Noticed an orc knight
  9679 | Orc:2    | Killed an orc knight
  9680 | Orc:2    | Reached skill level 5 in Conjurations
  9680 | Orc:2    | Reached skill level 5 in Hexes
  9680 | Orc:2    | Reached skill level 5 in Summonings
  9680 | Orc:2    | Reached skill level 5 in Necromancy
  9680 | Orc:2    | Reached skill level 5 in Translocations
  9680 | Orc:2    | Reached skill level 5 in Transmutations
  9680 | Orc:2    | Reached skill level 5 in Fire Magic
  9680 | Orc:2    | Reached skill level 5 in Ice Magic
  9680 | Orc:2    | Reached skill level 5 in Air Magic
  9680 | Orc:2    | Reached skill level 5 in Earth Magic
  9680 | Orc:2    | Reached skill level 5 in Poison Magic
  9692 | Orc:2    | Noticed an orc high priest
  9696 | Orc:2    | Killed an orc high priest
  9702 | Orc:2    | Noticed an orc warlord
  9709 | Orc:2    | Found a runed translucent door.
  9712 | Orc:2    | Noticed bronco's ghost (journeyman TrBe)
 10036 | Orc:2    | Found Nixex's Magic Scroll Shoppe.
 10067 | Orc:2    | Found a staircase to the Elven Halls.
 10077 | Orc:2    | Noticed an orc knight
 10437 | Orc:2    | Killed an orc knight
 10672 | Orc:2    | Found a roughly hewn altar of Beogh.
 10782 | Lair:1   | Entered Level 1 of the Lair of Beasts
 11243 | Lair:1   | Found a runed translucent gate.
 11243 | Lair:1   | Found a runed translucent gate.
 11243 | Lair:1   | Found a runed translucent gate.
 11243 | Lair:1   | Noticed gaul's ghost (journeyman DrIE)
 11246 | Lair:1   | Noticed a spectral death yak
 11445 | Lair:1   | Noticed a seven-headed hydra
 11449 | Lair:1   | Killed a ten-headed hydra
 12010 | Lair:2   | Noticed a six-headed hydra
 12015 | Lair:2   | Noticed a four-headed hydra
 12017 | Lair:2   | Killed a six-headed hydra
 12031 | Lair:1   | Learned a level 3 spell: Spider Form
 12252 | Lair:2   | Reached XP level 12. HP: 67/96 MP: 22/22
 12396 | Lair:2   | HP: 2/96 [seven-headed hydra (9)]
 12398 | Lair:2   | Slain by a seven-headed hydra

Illustrated notes

Levels and vault maps discovered:
D:1:      shiori_arrival_whats_in_store_for_you, layout_basic
D:2:      layout_basic, grunt_temple_overflow_growth_and_decay,
          fiery_altar_vehumet, lemuel_doored_altar, uniq_terence
D:3:      layout_loops_cross, old_standard_altar,
          chequers_ecumenical_altar_island
D:4:      layout_rooms, regret_index_temple_of_mockery, serial_undead,
          serial_undead_e, serial_undead_d, serial_undead_b, serial_undead_f,
          nrook_mini_backslash, serial_bayou_lagoon_a,
          hangedman_abyss_or_decor_stagger
D:5:      layout_loops_ring, portal_sewer_entry_f, uniq_grinder
D:6:      layout_loops_ring, kennysheep_big_empty_room
D:7:      layout_cave_pools, serial_shops, nicolae_shop_behind_doors,
          enter_bailey_2, nicolae_lava_and_water, uniq_harold
D:8:      layout_rooms, gammafunk_temple_overflow_statue, lair_entry_dummy
D:9:      layout_cave_pools, orc_0_dummy, vehumet_altar_wand_db
Temple:   cyrus_circular_temple
Lair:1:   layout_regular_city, gammafunk_ghost_necromancy, worms_lemuel,
          grunt_megastairs_2
Lair:2:   layout_concentric_octagons, nicolae_spider_entry_tight_spaces,
          serial_bayou_shore_b, grunt_megastairs_4
Orc:1:    layout_caves, serial_shops, shop
Orc:2:    grunt_orc_community_town_hall, layout_caves,
          grunt_orc_community_big_house_1, grunt_orc_community_big_house_1,
          grunt_orc_community_house_3, grunt_orc_community_house_1,
          grunt_orc_community_house_1, grunt_orc_community_house_3,
          grunt_orc_community_house_2, grunt_orc_community_house_3,
          serial_shops, nicolae_shop_statue_plus, gammafunk_ghost_grave,
          minmay_orc_temple_c

Skill      XL: |  1  2  3  4  5  6  7  8  9 10 11 |
---------------+----------------------------------+-----
Stealth        | 10 11 | 11.6
Invocations    | 1 2 3 4 5 6 7 |  7.6
Short Blades   | 1 2 3 5 6 |  6.9
Long Blades    | 1 2 3 5 6 |  6.9
Axes           | 1 2 3 5 6 |  6.9
Maces & Flails | 1 2 3 5 6 |  6.9
Staves         | 1 2 3 5 6 |  6.9
Slings         | 1 2 3 5 6 |  6.9
Bows           | 1 2 3 5 6 |  6.9
Crossbows      | 1 2 3 5 6 |  6.9
Throwing       | 1 2 3 5 6 |  6.9
Armour         | 1 2 3 5 6 |  6.9
Shields        | 1 2 3 5 6 |  6.9
Unarmed Combat | 1 2 3 5 6 |  6.9
Spellcasting   | 1 2 3 5 6 |  6.9
Evocations     | 1 2 3 5 6 |  6.9
Conjurations   | 1 2 3 4 5 |  5.7
Hexes          | 1 2 3 4 5 |  5.7
Summonings     | 1 2 3 4 5 |  5.7
Necromancy     | 1 2 3 4 5 |  5.7
Translocations | 1 2 3 4 5 |  5.7
Transmutations | 1 2 3 4 5 |  5.7
Fire Magic     | 1 2 3 4 5 |  5.7
Ice Magic      | 1 2 3 4 5 |  5.7
Air Magic      | 1 2 3 4 5 |  5.7
Earth Magic    | 1 2 3 4 5 |  5.7
Poison Magic   | 1 2 3 4 5 |  5.7
Polearms       | 5 6 7 8 |  8.4
Dodging        | 5 6 7 8 |  8.4
Fighting       | 7 8 9 |  9.6

Action                   |  1- 3 |  4- 6 |  7- 9 | 10-12 || total
-------------------------+-------+-------+-------+-------++-------
Melee: Spear             |    52 |    45 |       |       ||    97
       Bite              |     6 |    15 |     1 |    39 ||    61
       Long sword        |       |    18 |       |       ||    18
       Dagger            |       |     4 |       |       ||     4
       Glaive            |       |       |    27 |       ||    27
       Halberd           |       |       |     5 |   225 ||   230
 Fire: Hand crossbow     |       |    98 |   196 |    49 ||   343
Throw: Javelin           |       |       |     4 |    19 ||    23
Invok: Slouch            |       |       |     3 |     3 ||     6
Evoke: Wand              |       |       |       |    11 ||    11
       Tin of tremorston |       |       |       |     2 ||     2
       Box of beasts     |       |       |       |     1 ||     1
  Use: Scroll            |     1 |     7 |     2 |     4 ||    14
       Potion            |       |     1 |       |     4 ||     5
 Stab: Sleeping          |       |     6 |       |    18 ||    24
       Distracted        |       |       |       |     3 ||     3
Armor: Leather armour    |     7 |    16 |       |       ||    23
       Ring mail         |       |     7 |    20 |    62 ||    89
Dodge: Dodged            |    27 |    72 |   135 |   272 ||   506
       Rpst.: Long sword |       |     2 |       |       ||     2

Table legend: (Time is in decaauts)
 A = Elapsed time spent in this place.
 B = Non-inter-level travel time spent in this place.
 C = Inter-level travel time spent in this place.
 D = Time resting spent in this place.
 E = Time spent auto-exploring this place.
 F = Levels seen in this place.
 G = Mean time per level.
                   A        B        C        D        E       F      G
               +--------+--------+--------+--------+--------+-----+--------+
         Total |  16679 |  16206 |    473 |   1838 |  11276 |  16 | 1042.4 |
       Dungeon |   9256 |   8899 |    357 |    869 |   6633 |   9 | 1028.4 |
        Temple |     40 |     40 |      0 |      0 |      0 |   1 |   40.0 |
          Lair |   2298 |   2254 |     44 |      0 |   1953 |   2 | 1149.0 |
  Orcish Mines |   2249 |   2178 |     71 |    712 |    927 |   2 | 1124.5 |
         Sewer |    456 |    456 |      0 |      0 |    332 |   1 |  456.0 |
        Bailey |   2378 |   2378 |      0 |    257 |   1429 |   1 | 2378.0 |
               +--------+--------+--------+--------+--------+-----+--------+

Top non-repeatable levels by time:
  Bailey: 2378 daAuts
  Lair:1: 2054 daAuts
     D:9: 1598 daAuts
   Orc:1: 1525 daAuts
     D:3: 1410 daAuts
     D:2: 1347 daAuts
     D:6: 1191 daAuts
     D:7: 1146 daAuts
     D:4: 841 daAuts
     D:8: 789 daAuts
   Orc:2: 723 daAuts
     D:1: 652 daAuts
   Sewer: 456 daAuts
     D:5: 278 daAuts
  Lair:2: 244 daAuts
